 Dungeon Crawl Stone Soup version 0.28-b1-25-g9875b3fc8c (webtiles) character file.

Game seed: 14291013057554155697

111 Minsecho the Sneak (level 4, 0/29 HPs)
             Began as a Gargoyle Delver on Feb 1, 2022.
             Was a Follower of Makhleb.
             Killed from afar by an orc wizard (6 damage)
             ... with a magic dart
             ... on level 5 of the Dungeon.
             The game lasted 00:07:08 (3500 turns).

Minsecho the Sneak (Gargoyle Delver)                Turns: 3500, Time: 00:07:08

Health: 0/29       AC: 10    Str: 16 (17) XL:     4   Next: 92%
Magic:  4/4        EV: 10    Int:  8 (11) God:    Makhleb [*.....]
Gold:   162        SH:  0    Dex:  9 (11) Spells: 3/3 levels left

rFire   . . .      SeeInvis .   a - +0 mace
rCold   . . .      Faith    .   (no shield)
rNeg    + . .      Spirit   .   k - +0 ring mail
rPois   ∞          Reflect  .   (no helmet)
rElec   +          Harm     .   (no cloak)
rCorr   .          Rampage  .   t - +0 pair of gloves
Will    .....                   (no boots)
Stlth   ++........              (no amulet)
HPRegen 0.09/turn               (no ring)
MPRegen 0.09/turn               (no ring)

@: mighty
A: sickness immunity, AC +3, negative energy resistance 1, electricity
resistance, torment resistance 1, petrification resistance
a: Renounce Religion


You were on level 5 of the Dungeon.
You worshipped Makhleb.
Makhleb was aware of your devotion.
You visited 1 branch of the dungeon, and saw 5 of its levels.

You collected 162 gold pieces.

Inventory:

Hand Weapons
 a - a +0 mace (weapon)
 v - a +1 short sword of holy wrath
Missiles
 o - 2 atropa-tipped darts (quivered)
 u - 95 stones
Armour
 b - a +0 leather armour
 k - a +0 ring mail (worn)
 t - a +0 pair of gloves (worn)
Wands
 g - a wand of digging (3)
Scrolls
 c - a scroll of fog
 d - 3 scrolls of magic mapping
 e - a scroll of fear
 j - a scroll of noise {unknown}
 l - 2 scrolls of teleportation {unknown}
 n - a scroll of vulnerability {unknown}
 p - 2 scrolls of identify {unknown}
 q - a scroll of enchant weapon {unknown}
 s - a scroll of silence {unknown}
 w - a scroll of brand weapon {unknown}
 x - a scroll of summoning {unknown}
Potions
 f - 2 potions of haste
 i - a potion of resistance {unknown}
 r - a potion of might


   Skills:
 + Level 3.8 Fighting
 + Level 3.2 Maces & Flails
 + Level 1.7 Armour
 + Level 1.8 Dodging
 - Level 6.1 Stealth


You had 3 spell levels left.
You didn't know any spells.
Your spell library contained the following spells:

 Spells                   Type           Power      Damage    Failure   Level
 Iskenderun's Battlesphe  Conj           0%         2d6       100%        5
 Iron Shot                Conj/Erth      0%         9d1       100%        6
 Spellforged Servitor     Conj/Summ      0%         N/A       100%        7


Dungeon Overview and Level Annotations

Branches:
Dungeon (5/15)
 Temple: D:4-7

Altars:
Ashenzari
Makhleb
Okawaru
Wu Jian


Innate Abilities, Weirdness & Mutations

You are immune to sickness and miasma.
Your stone body is resilient. (AC +3)
You are immune to poison.
You resist negative energy. (rN+)
You are resistant to electric shocks. (rElec)
You are resistant to unholy torment.
You are immune to petrification.


Message History

An orc wizard appears from thin air!
Reactivating autopickup.
Something hits you but does no damage.
Deactivating autopickup; reactivate with Ctrl-A.
The orc barely misses you.
The orc wizard hits you with a +0 dagger.
You barely miss the orc.
The orc is severely wounded.
Something hits you but does no damage. The orc hits you with a +0 club.
The orc wizard points at you and mumbles some strange words.
You are confused.
Something hits you but does no damage.
It was a potion of might.
You feel very mighty all of a sudden. The orc hits you with a +0 club.
The orc wizard casts a spell at you. You resist with some effort.
Something hits you but does no damage.
It was a potion of degeneration.
There was something very wrong with that liquid.
You feel weakened.
You feel dopey.
You feel clumsy. The orc hits you with a +0 club.
The orc wizard closely misses you. Something hits you but does no damage.
It was a potion of curing.
You feel better. The orc hits you but does no damage.
The orc wizard hits you but does no damage.
Something hits you.
You sock the orc!
You kill the orc!
Makhleb accepts your kill.
The orc wizard hits you but does no damage.
You hear some strange, mumbled words.
A puff of flame appears from out of thin air!
The puff of flame hits you! The orc wizard misses you.
You sock the orc wizard!
The orc wizard is severely wounded.
Something hits you.
* * * LOW HITPOINT WARNING * * *
The orc wizard casts a spell at you. The magic dart hits you.
You die...

# . #. #.#
#...# #.#.#.#
###
......{##...#
#.)@o<..#
.....########
... .


You could see an orc wizard.

Vanquished Creatures
  3 gnolls (D:4)
  3 adders
  A dart slug (D:1)
  2 orcs
  5 ball pythons
  4 bats
  8 endoplasms
  4 giant cockroaches
  2 goblins
  4 hobgoblins
  2 jackals (D:1)
  2 quokkas
  5 frilled lizards
  3 kobolds
48 creatures vanquished.

Notes
Turn   | Place    | Note
-------+----------+-------------------------------------------
     0 | D:5      | Minsecho the Gargoyle Delver began the quest for the Orb.
     0 | D:5      | Reached XP level 1. HP: 14/14 MP: 1/1
    45 | D:4      | Noticed an ogre
   130 | D:3      | Found a burning altar of Makhleb.
   141 | D:3      | Became a worshipper of Makhleb the Destroyer
   151 | D:3      | Noticed a black bear
   601 | D:1      | Reached XP level 2. HP: 17/19 MP: 2/2
   847 | D:1      | Reached skill level 6 in Stealth
  1097 | D:1      | Reached XP level 3. HP: 17/23 MP: 3/3
  2052 | D:2      | Found an ornate altar of the Wu Jian Council.
  2485 | D:3      | Found an iron altar of Okawaru.
  2554 | D:3      | Found a broken altar of Ashenzari.
  2570 | D:3      | Reached * piety under Makhleb
  2734 | D:3      | Reached skill level 1 in Armour
  2734 | D:3      | Reached XP level 4. HP: 29/29 MP: 4/4
  3369 | D:4      | Noticed a lemure
  3500 | D:5      | Killed from afar by an orc wizard

Illustrated notes

Levels and vault maps discovered:
D:1:      elethiomel_arrival_quiet, layout_basic
D:2:      layout_basic, basic_altar, kennysheep_doodads, minmay_tall_x
D:3:      layout_loops_cross, mainiacjoe_overflow_paths, old_standard_altar,
          mainiacjoe_overflow_surrounded_room, serial_aquarium,
          aquarium_bridge_long_separate [aquarium_subvault_window,
          aquarium_subvault_bridge, aquarium_subvault_window,
          aquarium_subvault_bridge, aquarium_subvault_bridge,
          aquarium_subvault_balcony], aquarium_bridge_square
          [aquarium_subvault_wall, aquarium_subvault_window,
          aquarium_subvault_bridge, aquarium_subvault_balcony],
          aquarium_window_fake, aquarium_window_2, aquarium_window_2,
          aquarium_view_2a, aquarium_view_2b, aquarium_balcony_3b,
          aquarium_pool_2, shapermc_ecumenical_altar_mp_vishouse
D:4:      layout_basic, lemuel_mausoleum_altar_yredelemnul,
          supply_closet_lemuel, uniq_natasha, uniq_pikel, uniq_blork_the_orc
D:5:      layout_loops_ring, nzn_wu_jian_contemplation, uniq_menkaure,
          uniq_sigmund

Skill      XL: |  1  2  3  4 |
---------------+-------------+-----
Stealth        | 6 |  6.1
Armour         | 1 |  1.7
Maces & Flails | 3 |  3.2
Fighting       | |  3.8
Dodging        | |  1.8

Action                   |  1- 3 |  4- 6 || total
-------------------------+-------+-------++-------
Melee: Mace              |    92 |    73 ||   165
  Use: Potion            |       |     3 ||     3
 Stab: Sleeping          |    11 |     2 ||    13
Armor: Ring mail         |    50 |    50 ||   100
Dodge: Dodged            |    43 |    56 ||    99
